 Dungeon Crawl Stone Soup version 0.19-a0-1260-gc94d3f7 (webtiles) character file.

42 Amnesiac the Magician (level 3, -3/19 HPs)
             Began as a Deep Elf Wizard on Aug 28, 2016.
             Killed from afar by an orc wizard (7 damage)
             ... with a magic dart
             ... on level 3 of the Dungeon.
             The game lasted 00:02:08 (756 turns).

Amnesiac the Magician (Deep Elf Wizard)              Turns: 756, Time: 00:02:08

Health: -3/19      AC:  3    Str:  4    XL:     3   Next: 35%
Magic:  0/11       EV: 13    Int: 23    God:
Gold:   89         SH:  0    Dex: 13    Spells: 5 memorised, 0 levels left

rFire  . . .     SeeInvis .     k - staff of earth
rCold  . . .     Gourm    .     a - +0 robe
rNeg   . . .     Faith    .     (no shield)
rPois  .         Spirit   .     j - +0 helmet
rElec  .         Dismiss  .     (no cloak)
rCorr  +         Reflect  .     (no gloves)
MR     .....     Harm     .     (no boots)
Stlth  ++........               (no amulet)
                                (no ring)
                                h - ring of resist corrosion

@: very slightly contaminated, repel missiles, invisible
A: no striking features
a: no special abilities


You were on level 3 of the Dungeon.
You were not hungry.

You visited 1 branch of the dungeon, and saw 3 of its levels.

You collected 89 gold pieces.

Inventory:

Hand Weapons
 f - a +2 spear of freezing
Armour
 a - a +0 robe (worn)
 j - a +0 helmet (worn)
Magical Staves
 k - an uncursed staff of earth (weapon)
Jewellery
 h - a ring of resist corrosion (left hand)
Scrolls
 c - a scroll of remove curse {unknown}
 e - 2 scrolls of fear
Potions
 g - a potion of heal wounds {unknown}
 l - a potion of invisibility
Comestibles
 b - 3 chunks of flesh
 d - a bread ration
 i - a beef jerky


   Skills:
 - Level 2.4 Dodging
 - Level 2.4 Stealth
 - Level 4.5 Spellcasting
 + Level 3.5 Conjurations
   Level 1.1 Summonings
 - Level 1.1 Translocations


You couldn't memorise any spells.
You knew the following spells:

 Your Spells              Type           Power        Failure   Level  Hunger
a - Repel Missiles        Chrm/Air       #.....       17%         2    None
b - Blink                 Tloc           N/A          12%         2    None
e - Mephitic Cloud        Conj/Pois/Air  ##......     21%         3    ##.....
s - Conjure Flame         Conj/Fire      ##......     17%         3    ##.....
z - Magic Dart            Conj           ###.         2%          1    None


Dungeon Overview and Level Annotations

Branches:
Dungeon (3/15)

Altars:


Message History

The magic dart hits the orc wizard.
The orc wizard is moderately wounded.
The orc wizard hits you with a dagger.
Casting: Magic Dart
Confirm with . or Enter, or press ? or * to list all spells.
Aiming: Magic Dart
Press: ? - help, Shift-Dir - straight line, f - orc wizard
Aim: an orc wizard, wielding a dagger and wearing a robe (moderately wounded, fast)
The magic dart hits the orc wizard.
The orc wizard is severely wounded.
The orc wizard closely misses you. The orc wizard casts a spell at you.
The magic dart hits you!
Ouch! That really hurt!
* * * LOW HITPOINT WARNING * * *
It was a potion of invisibility.
You fade into invisibility!
The orc wizard casts a spell at you. The magic dart hits you!
You die...

.........#.#.###
########.#.#....
####.....###
####..........#
..#.###..###.#.
#.#.# #........
#.#####.#.#
#..#####.
#.........# #..#
######@### #..#
#o# ...# #)#
##.. #†. .# ....
.# .###. #. o.
.. .. .. ..


You could see an orc wizard.

Vanquished Creatures
  2 adders (D:2)
  2 worms (D:2)
  A giant gecko (D:3)
  2 orcs (D:3)
  A goblin (D:2)
  3 hobgoblins
  2 kobolds
  2 giant newts (D:2)
  2 rats
17 creatures vanquished.

Notes
Turn   | Place    | Note
-------+----------+-------------------------------------------
     0 | D:1      | Amnesiac the Deep Elf Wizard began the quest for the Orb.
     0 | D:1      | Reached XP level 1. HP: 10/10 MP: 7/7
   187 | D:2      | Reached XP level 2. HP: 8/15 MP: 0/9
   207 | D:2      | Learned a level 2 spell: Repel Missiles
   210 | D:2      | Learned a level 2 spell: Blink
   518 | D:2      | Reached XP level 3. HP: 18/19 MP: 2/11
   525 | D:2      | Learned a level 3 spell: Mephitic Cloud
   535 | D:2      | Learned a level 3 spell: Conjure Flame
   756 | D:3      | Killed from afar by an orc wizard

Vault maps used:
D:1:      minmay_arrival_solitary_statue, grunt_decor_one_mirror
D:2:      minmay_rats_cheesy_pizza
D:3:      first_bread, uniq_iyjb, uniq_jessica

Skill      XL: |  1  2 |
---------------+-------+-----
Conjurations   | 2 3 |  3.5
Dodging        | |  2.4
Stealth        | |  2.4
Spellcasting   | |  4.5
Summonings     | |  1.1
Translocations | |  1.1

Action                   || total
-------------------------++-------
 Cast: Magic Dart        ||    63
       Repel Missiles    ||     1
       Mephitic Cloud    ||     1
  Use: Scroll            ||     4
       Potion            ||     1
Armor: Robe              ||     4
Dodge: Dodged            ||     6
